[Event "Early-Titled-Tuesday-Blitz-January-30-2024"]
[Site "Chess.com"]
[Date "2024.01.30"]
[Round "3"]
[White "LeoWin2012"]
[Black "epiclord678"]
[Result "0-1"]
[WhiteElo "2204"]
[BlackElo "2426"]
[TimeControl "180+1"]
[EndTime "8:31:03 PST"]
[Termination "epiclord678 won by checkmate"]

1. e4 c5 2. Nf3 d6 3. Bb5+ Nd7 4. O-O Nf6 5. Re1 a6 6. Bf1 e6 7. c3 Be7 8. d4 cxd4 9. cxd4 d5 10. e5 Ne4 11.
Nc3 Nxc3 12. bxc3 Nb6 13. Rb1 Nc4 14. Bd3 b5 15. a4 Bd7 16. axb5 Bxb5 17. Bf4 Qc7 18. Qb3 O-O 19. h4 Na3 20. Rbd1 Bxd3 21. Rxd3 Nc4 22. h5 Rfb8 23. Qc2 Rb2 24. Qc1 a5 25. h6 g6 26. Bg5 a4 27. Qf4 a3 28.
Nh2 a2 29. Ng4 a1=Q 30. Nf6+ Kh8 31. Rxa1 Rxa1+ 32. Kh2 Rbb1 33. Nxh7 Bxg5 34. Nxg5 Rh1+ 35. Kg3 Kg8 36. Nxf7 Qxf7 37. Qg5 Rh5 38. Qd8+ Kh7 39. f3 Rg5+ 40. Kf2 Kxh6 41. g4 Kg7 42. f4 Rxg4 43. Rf3 Rxf4 44. Kg2 Rg4+ 45. Kf2 Ra2+ 46. Kf1 Qxf3+ 47.
Ke1 Rg1# 0-1

[Event "Early-Titled-Tuesday-Blitz-January-30-2024"]
[Site "Chess.com"]
[Date "2024.01.30"]
[Round "3"]
[White "dretch"]
[Black "Duhless"]
[Result "1/2-1/2"]
[WhiteElo "2803"]
[BlackElo "3094"]
[TimeControl "180+1"]
[EndTime "8:31:04 PST"]
[Termination "Game drawn by repetition"]

1. d4 d5 2. c4 e6 3. Nc3 Nf6 4. cxd5 exd5 5. Bg5 Be7 6. e3 O-O 7. Bd3 Re8 8. Nge2 c6 9. Qc2 h6 10. Bh4 a5 11. O-O Na6 12. a3 Nc7 13. Rad1 b5 14.
Bxf6 Bxf6 15. Ng3 Bd7 16. Nce2 Be7 17. Bh7+ Kh8 18. Bf5 Ne6 19. Bxe6 Bxe6 20. Qxc6 b4 21. axb4 Rc8 22. Qa4 Bxb4 23. Nf4 Bd7 24. Qa2 Bb5 25. Nd3 Qd6 26. Qb1 Rc7 27. Rc1 Rec8 28. Ne5 Kg8 29. Rfd1 g6 30. h4 h5 31. Rxc7 Qxc7 32. Nxg6 fxg6 33.
Qxg6+ Kh8 34. Nxh5 Bf8 35. Nf6 Qg7 36. Qh5+ Qh6 37.
Qxd5 Qxf6 38. Qxb5 Rc2 39. Rf1 Bb4 40. Qh5+ Kg7 41.
b3 Qg6 42. Qe5+ Qf6 43. Qe4 Rb2 44. Qd5 Qf7 45. Qg5+ Qg6 46. Qe5+ Qf6 47. Qg3+ Qg6 48.
Qe5+ Qf6 49. Qc7+ Qf7 50. Qg3+ Qg6 51. Qe5+ 1/2-1/2

[Event "Early-Titled-Tuesday-Blitz-January-30-2024"]
[Site "Chess.com"]
[Date "2024.01.30"]
[Round "3"]
[White "DefiantChair"]
[Black "LangesNasenhaar"]
[Result "1/2-1/2"]
[WhiteElo "2592"]
[BlackElo "2422"]
[TimeControl "180+1"]
[EndTime "8:31:04 PST"]
[Termination "Game drawn - insufficient material"]

1. e4 g6 2. d4 Bg7 3. Nc3 c6 4. f4 d5 5. e5 Nh6 6. Nf3 f6 7.
Bd3 O-O 8. Be3 Bg4 9. h3 Bxf3 10. Qxf3 fxe5 11. dxe5 Bxe5 12. h4 Bxf4 13. Bxf4 e5 14. Bxh6 Rxf3 15. gxf3 Nd7 16. O-O-O Nc5 17. h5 Nxd3+ 18.
cxd3 Qf6 19. hxg6 hxg6 20. Rdg1 Kf7 21. Bg5 Qf5 22. Rh7+ Ke6 23. Bd2 b5 24. Rc7 Kd6 25.
Rg7 Qxd3 26. R1xg6+ Kc5 27. Rg4 Rh8 28. b4+ Kb6 29. a4 Rh1+ 30. Rg1 Rxg1+ 31. Rxg1 Qxf3 32. a5+ Kc7 33. Rg7+ Kd6 34. Rxa7 d4 35. Nd1 e4 36. Ra8 e3 37. Rd8+ Kc7 38. Rxd4 exd2+ 39. Rxd2 Qa3+ 40.
Rb2 c5 41. bxc5 Qxa5 42. Rc2 Kc6 43. Nb2 Qb4 44. Nd3 Qd4 45. Kd2 b4 46. Rb2 Qh4 47. Rxb4 Qxb4+ 48. Nxb4+ Kxc5 1/2-1/2

[Event "Early-Titled-Tuesday-Blitz-January-30-2024"]
[Site "Chess.com"]
[Date "2024.01.30"]
[Round "3"]
[White "Russian_berezka"]
[Black "yjjga"]
[Result "0-1"]
[WhiteElo "2570"]
[BlackElo "2426"]
[TimeControl "180+1"]
[EndTime "8:31:04 PST"]
[Termination "yjjga won by resignation"]

1. e4 c5 2. d4 cxd4 3. c3 dxc3 4. Nxc3 Nc6 5. Nf3 e6 6. Bc4 Bb4 7. O-O Nge7 8. Bf4 Bxc3 9. bxc3 d5 10. exd5 Nxd5 11.
Bg3 O-O 12. Qc2 Qf6 13. Rac1 b6 14. Bh4 Qh6 15. Bd3 Ne5 16. Bxh7+ Qxh7 17. Qxh7+ Kxh7 18. Nxe5 Ba6 19. Rfd1 Rac8 20. c4 Nf4 21. Rc2 f6 22. Nd7 Rf7 23. Bg3 Ng6 24. c5 Bb5 25. Rcd2 bxc5 26. Rd6 c4 27. f4 c3 28. f5 exf5 29.
Nb8 Rxb8 30. Rc1 Rc8 31. Rd5 Ba4 32. Rxf5 c2 33. Rg5 fxg5 34. Bf2 Rd7 35. Be3 Rd1+ 36. Kf2 Rxc1 37. Bxc1 Rd8 38. Kg3 Rd1 39. Bxg5 c1=Q 40. Bxc1 Rxc1 41. h4 Rc2 42. Kh2 Nf8 43. Kh3 Rxa2 44. Kg4 Bd7+ 45. Kg3 a6 46. Kf4 a5 47. Kg5 a4 48. Kh5 Be8+ 49. Kg5 Rxg2+ 50. Kf4 Rh2 51.
Ke5 Rxh4 52. Kd6 Rh6+ 53. Ke7 Re6+ 54. Kd8 Rf6 55. Kc7 Bg6 56. Kd8 a3 57. Kc7 a2 58.
Kd8 a1=Q 59. Kc7 Qe5+ 60. Kd8 Rd6+ 61. Kc7 Qc5+ 62. Kb8 Rb6+ 0-1

[Event "Early-Titled-Tuesday-Blitz-January-30-2024"]
[Site "Chess.com"]
[Date "2024.01.30"]
[Round "3"]
[White "themind1hunter"]
[Black "Arlo2024"]
[Result "1-0"]
[WhiteElo "2529"]
[BlackElo "2303"]
[TimeControl "180+1"]
[EndTime "8:31:04 PST"]
[Termination "themind1hunter won on time"]

1. e4 e6 2. d4 d5 3. Nd2 dxe4 4. Nxe4 Nd7 5. Nf3 Ngf6 6. Bd3 Nxe4 7. Bxe4 Nf6 8. Bg5 Qd6 9. Bxf6 gxf6 10. Qd3 Bd7 11.
O-O-O O-O-O 12. Qb3 Bc6 13. Bxc6 Qxc6 14. Kb1 Rg8 15. g3 Bg7 16. Rd3 f5 17. Rhd1 Bf6 18. d5 Qb6 19. dxe6 Qxb3 20. axb3 fxe6 21. Rxd8+ Rxd8 22. Re1 Rd6 23. h4 h6 24. Ng1 Rd2 25. Nh3 e5 26. Kc1 Rd5 27. f3 Kd7 28. c3 Rd3 29. Ng1 f4 30. Kc2 Rd5 31. c4 Rd6 32. g4 Bxh4 33. Rxe5 Bf2 34. Ne2 Be3 35. Rd5 Rxd5 36. cxd5 Kd6 37. Nc3 a6 38. Kd3 Bc1 39. Kc2 Be3 40. Kd3 Ke5 41. Kc4 b5+ 42. Kb4 Bb6 43. Ne4 Kxd5 44. Nf6+ Kd4 45. Ng8 Ke3 46. Nxh6 Kxf3 47. g5 Bd4 48. Nf5 Bxb2 49. g6 1-0

[Event "Early-Titled-Tuesday-Blitz-January-30-2024"]
[Site "Chess.com"]
[Date "2024.01.30"]
[Round "3"]
[White "Durarbayli"]
[Black "brm72"]
[Result "1-0"]
[WhiteElo "2916"]
[BlackElo "2685"]
[TimeControl "180+1"]
[EndTime "8:31:05 PST"]
[Termination "Durarbayli won by resignation"]

1. c4 c5 2. Nc3 Nc6 3. g3 g6 4.
Bg2 Bg7 5. Nf3 e5 6. O-O d6 7.
a3 a5 8. Rb1 Nge7 9. Ne1 Be6 10. d3 O-O 11. Bg5 f6 12. Bd2 h6 13. b4 axb4 14. axb4 Nxb4 15. Nc2 Nec6 16. Nxb4 Nxb4 17. Bxb7 Ra7 18. Bg2 Raf7 19. Nb5 f5 20. Bxb4 cxb4 21. Rxb4 f4 22. Ra4 h5 23. Ra6 Rd7 24. Qa4 h4 25. gxf4 exf4 26. Kh1 Kh7 27. Bf3 Bf5 28. Ra8 Qe7 29. Rxf8 Qxf8 30. c5 dxc5 31. Qxf4 Qf6 32.
Rg1 Bh6 33. Qc4 Bf8 34. Nc3 Bxd3 35. Nd5 Qxf3+ 36. exf3 Bxc4 37. Nf6+ Kg7 38. Nxd7 Be6 39. Nxf8 Kxf8 40. Rxg6 Kf7 41. Rg5 c4 42. Rc5 Ke7 43. Kg1 Kd6 44. Ra5 Bd7 45. Kf1 Bc6 46. f4 Bf3 47.
Ke1 h3 48. Re5 c3 49. Re3 c2 50. Kd2 Be4 51. Rxe4 1-0

[Event "Early-Titled-Tuesday-Blitz-January-30-2024"]
[Site "Chess.com"]
[Date "2024.01.30"]
[Round "3"]
[White "Xsu11"]
[Black "ilqar_74"]
[Result "0-1"]
[WhiteElo "2333"]
[BlackElo "2839"]
[TimeControl "180+1"]
[EndTime "8:31:05 PST"]
[Termination "ilqar_74 won by checkmate"]

1. e4 c5 2. Nf3 d6 3. d4 cxd4 4. Nxd4 Nf6 5. Bd3 Nc6 6. Be3 g6 7. O-O Bg7 8. c3 O-O 9. Nd2 a6 10. h3 Bd7 11. f4 Rc8 12. N2f3 Qc7 13. Qe2 Na5 14. Rae1 Nc4 15. Bc1 e6 16. g4 d5 17.
e5 Ne4 18. Bxe4 dxe4 19. Qxe4 Qb6 20. Rf2 Na5 21. Be3 Qc7 22. f5 exf5 23. gxf5 Rce8 24.
e6 fxe6 25. fxe6 Bc8 26. Rg2 b6 27. Ng5 Bb7 28. Qh4 h5 29. Rf2 Nc4 30. Bc1 Rxf2 31. Qxf2 Nd6 32. Bf4 Re7 33. Kh2 Qc5 34. Qe3 Nf5 35.
Nxf5 Qxf5 36. Rf1 Qd5 37. Rf2 Bc8 38. Re2 Bb7 39. Qe4 Qb5 40. Qe3 Qc6 41. Kg3 Qh1 42. Kh4 Bf6 43. Be5 Rxe6 44. Bxf6 Rxe3 45. Rxe3 Bc6 46.
Re7 Qc1 47. Rg7+ Kf8 48. Rc7 Qf4# 0-1

[Event "Early-Titled-Tuesday-Blitz-January-30-2024"]
[Site "Chess.com"]
[Date "2024.01.30"]
[Round "3"]
[White "ozates"]
[Black "rasmussvane"]
[Result "0-1"]
[WhiteElo "2652"]
[BlackElo "2970"]
[TimeControl "180+1"]
[EndTime "8:31:06 PST"]
[Termination "rasmussvane won by resignation"]

1. e4 c6 2. Nf3 d5 3. d3 dxe4 4. dxe4 Qxd1+ 5. Kxd1 Nf6 6. Nfd2 g6 7. f3 Bh6 8. a4 Be6 9. Bc4 Bxc4 10. Nxc4 Bxc1 11.
Kxc1 Nbd7 12. b4 O-O-O 13. Nc3 g5 14. Kb2 Kc7 15. a5 Ne8 16. Rhd1 Nd6 17. Ne3 Ne5 18. Kb3 h5 19. Rd4 Rd7 20. Rad1 Rhd8 21. Na4 b6 22.
axb6+ axb6 23. Nc3 e6 24. Ra1 Kb7 25. Rad1 h4 26. h3 Kc7 27. Ra1 Kb8 28. Rad1 c5 29. R4d2 Kb7 30. Rb1 Kc6 31. Ra1 Kb7 32. Rdd1 Nc6 33. bxc5 bxc5 34. Na4 Nd4+ 35. Kc3 Kc6 36. Nc4 Ne2+ 37. Kb3 Rb8+ 38. Ncb6 Rxb6+ 39. Nxb6 Kxb6 40. e5 Nd4+ 41. Rxd4 cxd4 42. exd6 Rxd6 43. Kc4 Rc6+ 44. Kd3 Rc3+ 45. Kd2 e5 46. Ra8 f6 47. Rf8 Rc6 48. Rb8+ Kc7 49. Rf8 Kd7 50. Ra8 Ke6 51. Ra1 Kf5 52.
Re1 Kf4 53. Re4+ Kg3 54. Re2 Ra6 55. Kd3 Ra1 56. Ke4 Rg1 57. Kf5 Rxg2 58. Rxg2+ Kxg2 59. Kxf6 0-1

[Event "Early-Titled-Tuesday-Blitz-January-30-2024"]
[Site "Chess.com"]
[Date "2024.01.30"]
[Round "3"]
[White "GP9isback23"]
[Black "GMBenjaminBok"]
[Result "1/2-1/2"]
[WhiteElo "2636"]
[BlackElo "2940"]
[TimeControl "180+1"]
[EndTime "8:31:06 PST"]
[Termination "Game drawn - insufficient material"]

1. d4 Nf6 2. Nf3 e6 3. c4 b6 4. g3 Ba6 5. b3 Bb4+ 6. Bd2 Be7 7. Bg2 O-O 8. O-O d5 9. Bc3 c5 10. Nbd2 Nc6 11. e3 Rc8 12. Re1 cxd4 13. exd4 Bb4 14. Rc1 dxc4 15. Nxc4 Qe7 16. Bxb4 Qxb4 17.
Nfe5 Bb7 18. Re2 Rfd8 19. Rd2 h6 20. h3 Na5 21. Bxb7 Nxb7 22. Kg2 Qe7 23. Ne3 Nd6 24. Kg1 Qb7 25. Rdc2 Rxc2 26. Rxc2 Rc8 27. Qc1 Rxc2 28. Qxc2 Nb5 29. Qd2 Ne4 30. Qd3 Nbd6 31. N3c4 Nxc4 32. bxc4 Nf6 33. Nf3 Qe4 34. Qxe4 Nxe4 35.
Kf1 Kf8 36. a3 Ke7 37. Ke2 Nd6 38. Kd3 f6 39. Nd2 Kd7 40. Ne4 Nxe4 41. Kxe4 Kd6 42. f4 a6 43. a4 g6 44. g4 f5+ 45.
Ke3 fxg4 46. hxg4 h5 47. gxh5 gxh5 48. Kf3 Kc6 49. Kg3 b5 50. axb5+ axb5 51. cxb5+ Kxb5 52. Kh4 Kc4 53. Kxh5 Kxd4 54. Kg6 Ke4 55. Kf6 Kxf4 56. Kxe6 1/2-1/2

[Event "Early-Titled-Tuesday-Blitz-January-30-2024"]
[Site "Chess.com"]
[Date "2024.01.30"]
[Round "3"]
[White "Bilan_Danila"]
[Black "ImportedItalianMaple"]
[Result "1-0"]
[WhiteElo "2623"]
[BlackElo "2450"]
[TimeControl "180+1"]
[EndTime "8:31:06 PST"]
[Termination "Bilan_Danila won on time"]

1. d4 g6 2. c4 Bg7 3. Nc3 c5 4. e3 Nf6 5. Nf3 d5 6. Be2 O-O 7. O-O dxc4 8. Bxc4 cxd4 9. Nxd4 a6 10. a4 Qc7 11. Qb3 Nc6 12. Nxc6 Qxc6 13. h3 Nd7 14.
Bd5 Qc7 15. Bd2 e6 16. Bf3 Ne5 17. Be2 Rd8 18. Rfd1 b6 19. Rac1 Nc6 20. Nb5 axb5 21. axb5 Bd7 22. bxc6 Bxc6 23. Bf3 Rd6 24. Bb4 Rxd1+ 25. Qxd1 Bxf3 26. gxf3 Qb7 27. Bc3 Rc8 28. Bxg7 Kxg7 29. Kg2 Rxc1 30. Qxc1 Qd5 31. Qc3+ e5 32. Qb4 b5 33. b3 h5 34. h4 f6 35. Kg3 f5 36. Qe7+ Kh6 37. f4 exf4+ 38. Kxf4 Qe4+ 39. Kg3 Qg4+ 40. Kh2 Qf3 41. Qg5+ Kh7 42. Qe7+ Kh6 43. Qg5+ Kg7 44. Qg3 Qxg3+ 45. Kxg3 Kf6 46. Kf4 Kf7 47. Kg5 Kg7 48. b4 Kf7 49. Kh6 Kf6 50. f4 Kf7 51. Kh7 Kf6 52. Kg8 g5 53. fxg5+ Kg6 54. Kf8 1-0

[Event "Early-Titled-Tuesday-Blitz-January-30-2024"]
[Site "Chess.com"]
[Date "2024.01.30"]
[Round "3"]
[White "Grossboss19"]
[Black "RaulPerezGuerra"]
[Result "1-0"]
[WhiteElo "2600"]
[BlackElo "2360"]
[TimeControl "180+1"]
[EndTime "8:31:07 PST"]
[Termination "Grossboss19 won by resignation"]

1. e4 b6 2. Nf3 Bb7 3. Nc3 e6 4. d4 d5 5. Bd3 dxe4 6. Nxe4 Nf6 7. Nxf6+ gxf6 8. Qe2 f5 9. c3 Nd7 10. Bf4 Nf6 11.
O-O-O Nd5 12. Bg5 Be7 13. Bxe7 Qxe7 14. g3 O-O-O 15. Rhe1 Qd6 16. Ne5 Rhf8 17. f4 Nf6 18. Qc2 Be4 19. Qa4 Kb7 20. Ba6+ Ka8 21. Bb5 Bb7 22.
Nc6 a6 23. Nxd8 Rxd8 24. Bxa6 Kb8 25. Bxb7 Kxb7 26. Qc4 Nd5 27. Kb1 h5 28. h4 Rg8 29.
Rg1 Nf6 30. Qe2 Rg4 31. c4 Ne4 32. Qf3 Kb8 33. Ka1 Qb4 34. Qd3 Nf2 35. Qd2 Qxd2 36. Rxd2 Ne4 37. Rd3 Nf2 38. Rf3 Ne4 39. b3 c5 40. dxc5 bxc5 41. Kb2 Kc7 42. Kc2 Kb6 43. Rd3 Kc7 44. Rg2 Rg8 45. Kd1 Nf6 46. Ke2 Ne4 47. Kf3 Ra8 48. Re2 Kc6 49. Kg2 Rg8 50. Kh2 f6 51. a4 e5 52. fxe5 fxe5 53. Rf3 Rf8 54. Rxe4 fxe4 55. Rxf8 e3 56. Rf1 1-0

[Event "Early-Titled-Tuesday-Blitz-January-30-2024"]
[Site "Chess.com"]
[Date "2024.01.30"]
[Round "3"]
[White "Sanyura"]
[Black "TheoSlade"]
[Result "1-0"]
[WhiteElo "2634"]
[BlackElo "2460"]
[TimeControl "180+1"]
[EndTime "8:31:08 PST"]
[Termination "Sanyura won on time"]

1. Nf3 d5 2. g3 Nd7 3. Bg2 e5 4. d3 Ngf6 5. O-O Bd6 6. e4 dxe4 7. dxe4 O-O 8. Qe2 Nc5 9. Nh4 Bg4 10. f3 Bd7 11. Nd2 Ne6 12. Nc4 Nd4 13. Qf2 Bb5 14. Nxd6 Bxf1 15. Nxb7 Qb8 16. Bxf1 Qxb7 17.
c3 Ne6 18. Nf5 Rab8 19. b3 Rfd8 20. Bc4 Rd1+ 21. Kg2 Nxe4 22. Qe2 Nxc3 23. Qxe5 c5 24. Qxc3 Nd4 25. Nxd4 cxd4 26. Qc2 Re1 27. Bb2 Rxa1 28. Bxa1 Rd8 29. Qf5 Qe7 30. Bd3 g6 31. Qf4 Qb4 32. Bc4 Qe7 33. Bxd4 g5 34. Qf6 Qxf6 35. Bxf6 Rd2+ 36.
Kh3 Rxa2 37. Bxg5 a5 38. g4 Rc2 39. Bf1 Rc3 40. Bd2 Rxf3+ 41. Kg2 Rxb3 42. Bxa5 Rb2+ 43.
Kg3 Ra2 44. Bb6 Rb2 45. Bf2 Rb3+ 46. Kg2 Rb4 47. h3 Rb2 48. Bc4 Rc2 49. Bd3 Rd2 50. Bf5 Rb2 51. Kf3 Rb3+ 52. Be3 Ra3 53. Kf4 Kg7 54. Bd4+ f6 55. g5 Rxh3 56. gxf6+ Kf7 57. Bxh3 h5 58. Kg5 1-0

[Event "Early-Titled-Tuesday-Blitz-January-30-2024"]
[Site "Chess.com"]
[Date "2024.01.30"]
[Round "3"]
[White "Giorno"]
[Black "Pastore1978"]
[Result "1/2-1/2"]
[WhiteElo "2535"]
[BlackElo "2289"]
[TimeControl "180+1"]
[EndTime "8:31:08 PST"]
[Termination "Game drawn - insufficient material"]

1. e4 e6 2. b3 d5 3. Bb2 dxe4 4. Nc3 Nf6 5. Qe2 Bb4 6. O-O-O Qe7 7. Nxe4 Ba3 8. Nf3 a5 9. Nxf6+ Qxf6 10. Qe5 Bxb2+ 11. Qxb2 Qxb2+ 12. Kxb2 a4 13. d4 a3+ 14. Kb1 c6 15. c4 Na6 16. Bd3 Nb4 17. Rhe1 O-O 18. Re3 Rd8 19. Bc2 Bd7 20. Ne5 Be8 21. g4 b5 22. g5 bxc4 23. Nxc4 Nd5 24. Rg3 c5 25. dxc5 Rdc8 26. Nb6 Nxb6 27. cxb6 Rab8 28. Rgd3 Rxb6 29. Rd8 Rbb8 30. Rxc8 Rxc8 31. Rd4 g6 32. f4 Kg7 33.
Rc4 Rd8 34. Kc1 Rd6 35. b4 Bb5 36. Rc5 Rd5 37. Be4 Rd4 38. Bxg6 Ba4 39. Bc2 Rxb4 40. Bxa4 Rxa4 41. f5 exf5 42. Rxf5 Rh4 43. Kc2 Rxh2+ 44. Kb3 Rh3+ 45. Kb4 Kg6 46. Ra5 h5 47. gxh6 Kxh6 48. Rxa3 Rxa3 49. Kxa3 f5 50. Kb3 Kg5 51. Kc3 Kf4 52. a4 Ke5 53. Kd3 Kd6 54. Ke3 Kc7 55. Kf4 Kb6 56. Kxf5 Ka5 57. Ke5 Kxa4 1/2-1/2

[Event "Early-Titled-Tuesday-Blitz-January-30-2024"]
[Site "Chess.com"]
[Date "2024.01.30"]
[Round "3"]
[White "chedimir"]
[Black "crazy_but_lazy"]
[Result "0-1"]
[WhiteElo "2331"]
[BlackElo "2585"]
[TimeControl "180+1"]
[EndTime "8:31:09 PST"]
[Termination "crazy_but_lazy won on time"]

1. e4 c6 2. d4 d5 3. e5 c5 4. dxc5 e6 5. Nf3 Bxc5 6. Bd3 Nc6 7. O-O f6 8. Bf4 fxe5 9. Nxe5 Nxe5 10. Bxe5 Qg5 11.
Qe2 Nf6 12. Nd2 O-O 13. Nf3 Qh5 14. h3 Bd7 15. Rae1 Rae8 16. c3 Ne4 17. Bd4 Bxd4 18. cxd4 Rxf3 19. Bxe4 dxe4 20. gxf3 exf3 21. Qe5 Qxh3 22.
Qg3 Qxg3+ 23. fxg3 Bc6 24. Kf2 Kf7 25. Re5 Rd8 26.
Rd1 Bd5 27. a3 Rc8 28. Rd2 Rc1 29. Re1 Rc4 30. Re5 h6 31. Re1 Kf6 32. Re3 b5 33. Rc3 Kf5 34. Rxc4 bxc4 35. Rd1 Ke4 36. Rd2 a5 37.
Rd1 Kf5 38. Re1 Kg4 39. Rh1 Kf5 40. Re1 h5 41. Rh1 g6 42. Re1 Kg4 43. Rh1 g5 44.
Rg1 Be4 45. Re1 Bd5 46. Rg1 a4 47. Re1 h4 48. gxh4 gxh4 49. Rg1+ Kf4 50. Rh1 Ke4 51. Rxh4+ Kd3 52. Rh2 Kxd4 0-1

[Event "Early-Titled-Tuesday-Blitz-January-30-2024"]
[Site "Chess.com"]
[Date "2024.01.30"]
[Round "3"]
[White "Rsnr"]
[Black "Baronessa08"]
[Result "1-0"]
[WhiteElo "2845"]
[BlackElo "2535"]
[TimeControl "180+1"]
[EndTime "8:31:11 PST"]
[Termination "Rsnr won by resignation"]

1. d4 d5 2. c4 dxc4 3. Nf3 Nf6 4. g3 c6 5. Bg2 Bf5 6. Ne5 e6 7. Nc3 h6 8. O-O Be7 9. Nxc4 O-O 10. e4 Bh7 11. Re1 Nbd7 12. a4 Nb6 13. Ne5 Nbd7 14.
Nxd7 Qxd7 15. Be3 Rfd8 16. Qb3 Rab8 17. h3 a5 18. Bf4 Ra8 19. Rad1 Bb4 20. Qc4 b5 21.
Qa2 Rac8 22. Be5 Qe8 23. Rc1 Nd7 24. Bf4 Nb6 25. axb5 cxb5 26. Red1 Nc4 27. Ne2 Bf8 28. b3 Na3 29. Rxc8 Rxc8 30. Qd2 Bb4 31. Qd3 Bf8 32. Rc1 b4 33. Kh2 Rxc1 34. Bxc1 Qc8 35. Bf4 g5 36.
Be3 Nc2 37. Bd2 Be7 38. f4 Na3 39. fxg5 hxg5 40. Qf3 Qc2 41. Be1 Nb5 42. d5 Nc3 43.
Nxc3 bxc3 44. Bxc3 Qxb3 45. dxe6 Qxe6 46. Qe3 a4 47.
Qd4 f6 48. Qxa4 Qc6 49. Qxc6 1-0

[Event "Early-Titled-Tuesday-Blitz-January-30-2024"]
[Site "Chess.com"]
[Date "2024.01.30"]
[Round "3"]
[White "ChessSkool"]
[Black "whitemirrorninja"]
[Result "1-0"]
[WhiteElo "2686"]
[BlackElo "2500"]
[TimeControl "180+1"]
[EndTime "8:31:11 PST"]
[Termination "ChessSkool won by checkmate"]

1. d4 f5 2. Nf3 Nf6 3. g3 b6 4. Bg2 Bb7 5. O-O g6 6. b3 Bg7 7.
Bb2 O-O 8. Nbd2 Ne4 9. c4 Nxd2 10. Qxd2 Be4 11. d5 Bxb2 12. Qxb2 c6 13. Rfd1 cxd5 14. cxd5 Na6 15. b4 Rc8 16. Nd4 Bxg2 17. Kxg2 Qc7 18.
Rac1 Qb7 19. Qb3 Nc7 20. Nc6 Rf7 21. Ne5 Rf6 22. Nxd7 Rd6 23. Ne5 Rcd8 24. Nc6 R8d7 25. f3 h5 26. e4 Kh7 27. Qc4 fxe4 28. fxe4 e6 29. Ne5 exd5 30. exd5 Rxd5 31. Rxd5 Qxd5+ 32. Qxd5 Rxd5 33. Rxc7+ Kh6 34. Nf3 a5 35. h4 g5 36.
hxg5+ Kg6 37. Rc6+ Kf5 38. Rf6+ Ke4 39. bxa5 Rxa5 40.
a4 b5 41. g6 Ra8 42. axb5 h4 43. Nxh4 Rb8 44. b6 Ke5 45. Rf5+ Ke6 46. g7 Rg8 47. b7 Rb8 48. Rf8 Rxb7 49. g8=Q+ Ke7 50. Rf7+ Ke6 51. Rxb7+ Ke5 52. Qg5+ Kd6 53. Rb6+ Kc7 54. Qc5+ Kd7 55. Qd6+ Kc8 56. Rc6+ Kb7 57. Rc7+ Kb8 58.
Qd8# 1-0

[Event "Early-Titled-Tuesday-Blitz-January-30-2024"]
[Site "Chess.com"]
[Date "2024.01.30"]
[Round "3"]
[White "ritanovikova"]
[Black "Pelopidass"]
[Result "0-1"]
[WhiteElo "2203"]
[BlackElo "2557"]
[TimeControl "180+1"]
[EndTime "8:31:11 PST"]
[Termination "Pelopidass won by resignation"]

1. e4 e6 2. d4 d5 3. Nd2 Be7 4.
Ngf3 Nf6 5. e5 Nfd7 6. c3 c5 7. Nb3 Nc6 8. Bb5 Qb6 9. Bxc6 bxc6 10. O-O Ba6 11. Re1 Qb5 12. a4 Qd3 13. Na5 Qxd1 14. Rxd1 Be2 15. Re1 Bxf3 16. gxf3 cxd4 17. Nxc6 dxc3 18.
bxc3 Nb6 19. a5 Nc4 20. a6 Bc5 21. Be3 Bxe3 22. fxe3 Kd7 23. Na5 Nxe5 24. Rab1 Nxf3+ 25. Kf2 Nxe1 26. Kxe1 Rab8 27. Nb7 Rhc8 28. Kd2 Rc6 29. Rg1 g6 30. Rf1 Ke7 31. Ra1 h5 32. h4 Rc4 33.
Ra5 g5 34. hxg5 h4 35. Ra1 h3 36. Rh1 Rh8 37. Na5 Rc5 38. Nb7 Rb5 39. Kd3 h2 40. Kd4 Rh4+ 41. Kd3 Rb6 42. Nc5 Kd6 43. Na4 Rxa6 44.
Nb2 Ra2 45. Nd1 Ra1 46. Kc2 a5 47. Kb2 Rxd1 48. Rxd1 h1=Q 49. Rd2 Rh2 0-1

[Event "Early-Titled-Tuesday-Blitz-January-30-2024"]
[Site "Chess.com"]
[Date "2024.01.30"]
[Round "3"]
[White "claudyna16"]
[Black "akinov-akinseye"]
[Result "1-0"]
[WhiteElo "2348"]
[BlackElo "1901"]
[TimeControl "180+1"]
[EndTime "8:31:11 PST"]
[Termination "claudyna16 won on time"]

1. c4 e5 2. g3 Nf6 3. Bg2 d5 4. cxd5 Nxd5 5. Nc3 Nb6 6. e3 Nc6 7. Nge2 Be7 8. O-O O-O 9. f4 Rb8 10. fxe5 Nxe5 11. d4 Ng4 12. h3 Nf6 13. e4 c6 14.
b3 Be6 15. Bf4 Rc8 16. Qd2 Qd7 17. Kh2 Rfd8 18. Rad1 Bb4 19. Qc2 h6 20. Be5 Be7 21. Nf4 Qe8 22. Nxe6 fxe6 23. Qe2 Qh5 24. Qxh5 Nxh5 25.
h4 Nf6 26. Bh3 Kf7 27. Ne2 Nd7 28. Rde1 Nf8 29. g4 Kg8 30. g5 hxg5 31. hxg5 N6d7 32. Bf4 Re8 33. Bg4 Nb6 34. Kg3 Rcd8 35. Rh1 Bd6 36. e5 Bb4 37. Ref1 Be7 38. Rf2 Nd5 39. Bc1 Bb4 40. Rfh2 Nc3 41. Be3 Nxe2+ 42. Rxe2 Bc3 43. Rd1 Bb4 44. Rh2 Be7 45. Rdh1 c5 46.
Rh8+ Kf7 47. Rf1+ 1-0

[Event "Early-Titled-Tuesday-Blitz-January-30-2024"]
[Site "Chess.com"]
[Date "2024.01.30"]
[Round "3"]
[White "HeroWilczek"]
[Black "Iskusnyh"]
[Result "1/2-1/2"]
[WhiteElo "2489"]
[BlackElo "2663"]
[TimeControl "180+1"]
[EndTime "8:31:12 PST"]
[Termination "Game drawn by repetition"]

1. e4 e6 2. d4 d5 3. Nc3 Nf6 4. e5 Nfd7 5. f4 c5 6. Nf3 Nc6 7. Be3 Rb8 8. Be2 Qa5 9. O-O b5 10. dxc5 Bxc5 11. Bxc5 Nxc5 12. Nd4 Nxd4 13. Qxd4 b4 14.
Nd1 Qb6 15. a3 a5 16. axb4 axb4 17. Ne3 Ne4 18. Qxb6 Rxb6 19. Ra8 O-O 20. Rfa1 g6 21. Bd3 Nc5 22. Ng4 b3 23. Nf6+ Kg7 24. R8a5 Nd7 25.
Nxd7 Bxd7 26. c3 Rfb8 27. Kf2 h6 28. h4 Bb5 29. Bxb5 Rxb5 30. Ra7 Rc5 31. Rd7 Rc4 32. g3 g5 33. Raa7 Rf8 34. Ke3 gxf4+ 35. gxf4 Re4+ 36. Kf3 Kg6 37. Rab7 f6 38. Rg7+ Kh5 39. exf6 Rxf6 40. Rxb3 Rfxf4+ 41. Kg3 Rxh4 42. Rb6 Re3+ 43. Kg2 Rhe4 44.
Rbb7 Re2+ 45. Kf3 R2e3+ 46. Kf2 Re2+ 47. Kf3 R2e3+ 48. Kf2 Re2+ 49. Kf3 1/2-1/2

[Event "Early-Titled-Tuesday-Blitz-January-30-2024"]
[Site "Chess.com"]
[Date "2024.01.30"]
[Round "3"]
[White "Hongjin"]
[Black "Firouzja2003"]
[Result "0-1"]
[WhiteElo "2805"]
[BlackElo "3152"]
[TimeControl "180+1"]
[EndTime "8:31:13 PST"]
[Termination "Firouzja2003 won by resignation"]

1. c4 e5 2. Nc3 Be7 3. Nf3 d6 4. d4 Nd7 5. g3 f5 6. Bg2 e4 7.
Nd2 Ngf6 8. O-O O-O 9. b3 c6 10. Bb2 d5 11. e3 a6 12. a4 Bd6 13. Qc1 Rf7 14. Ba3 Nf8 15. a5 g5 16. Na4 Bxa3 17. Qxa3 Qxa5 18. b4 Qd8 19. Rfc1 f4 20. cxd5 cxd5 21.
exf4 gxf4 22. Nc5 Ng4 23. h3 Nxf2 24. Kxf2 e3+ 25. Kg1 exd2 26. Rd1 fxg3 27. Qxg3+ Rg7 28.
Qf3 Qg5 29. Kh1 Bf5 30. Ra2 Rd8 31. Raxd2 Ng6 32. Rf2 Nh4 33. Qf4 Qxf4 34. Rxf4 Nxg2 35. Rxf5 Ne3 36. Ne6 Nxf5 37. Nxd8 Rd7 38. Ne6 Kf7 39.
Nc5 Re7 40. Rf1 Kg6 41. Rf4 h5 42. Nd3 Kg5 43. h4+ Nxh4 44. Rf2 Nf5 45. Nf4 Re4 46. Nxd5 Rxd4 47. Nc7 Rxb4 48. Kh2 Rh4+ 49. Kg1 Re4 50. Nd5 Re1+ 51. Kh2 Ne3 52. Nxe3 Rxe3 53. Rb2 b5 54.
Ra2 Re6 55. Rb2 Rb6 56. Kg2 a5 57. Kf3 b4 58. Ke4 b3 59. Kd4 a4 60. Kc3 a3 61.
Rg2+ Kh6 0-1

[Event "Early-Titled-Tuesday-Blitz-January-30-2024"]
[Site "Chess.com"]
[Date "2024.01.30"]
[Round "3"]
[White "Maxfan2008"]
[Black "adotand"]
[Result "1-0"]
[WhiteElo "2507"]
[BlackElo "2833"]
[TimeControl "180+1"]
[EndTime "8:31:13 PST"]
[Termination "Maxfan2008 won by resignation"]

1. c4 g6 2. g3 Bg7 3. Bg2 d6 4. Nf3 Nc6 5. O-O e5 6. Nc3 Be6 7. d3 h6 8. e4 Qd7 9. Nd5 Nge7 10. a3 f5 11. b4 O-O 12. b5 Nd8 13. Rb1 Rb8 14.
a4 b6 15. a5 Nb7 16. axb6 axb6 17. Ra1 Nc5 18. Ra7 Bxd5 19. exd5 Ra8 20. Rxa8 Rxa8 21. h3 Ra1 22. Qe2 Kh7 23. Be3 Ra3 24. Rd1 e4 25. dxe4 Nxe4 26. Re1 Nc3 27. Qc2 Ra4 28.
Nd2 Ra2 29. Qd3 Qd8 30. h4 Ra3 31. Qc2 Qf8 32. Nf3 Ne4 33. Nd4 Rxe3 34. fxe3 Nxg3 35. Ne6 Qf6 36. Nxg7 Kxg7 37. Qf2 Qxh4 38. Qf4 Qxf4 39.
exf4 Kf6 40. Kf2 Nh5 41. Kf3 g5 42. Re6+ Kf7 43. Rxh6 Nxf4 44. Rh8 Nfg6 45. Rb8 Ne5+ 46. Kf2 Nxc4 47. Rb7 Na3 48. Rxc7 Nxb5 49. Rb7 Na3 50.
Rxb6 Nc4 51. Rb4 Ne5 52. Rb6 Nc8 53. Rb8 Ne7 54. Rb6 Nd3+ 55. Kg3 Nc8 56. Rc6 f4+ 57.
Kh2 Ne7 58. Rxd6 g4 59. Ra6 Nf2 60. d6 g3+ 61. Kg1 Nf5 62. Bd5+ Kf6 63. d7+ Ke7 64. Rf6 Nh3+ 65. Kg2 Ne3+ 66. Kxh3 Nxd5 67. d8=Q+ 1-0